Map: Séquenceur EC

Players

zidar - Winner!

  • Race: Zerg Zerg
  • League: Gold
  • Spawn Location: 7:00

IKSIN

  • Race: Zerg Zerg
  • League: Gold
  • Spawn Location: 1:00

VOD

Have the link to the VOD?

Description

Time

  • Played on: June 27, 2017, 12:02 p.m.
  • Length: 3:14
Show
View Real Time Build Order
Export as new Build Order

zidar Zerg - Winner!

Build Orders: Pool Only 

Get SALT Encoding   

  12  0:01  Drone  
  13  0:17  Drone  
  14  0:29  Extractor  
  14  0:34  Drone  
  14  0:35  Spawning Pool  
  13  0:36  Drone  
  14  0:52  Overlord  
  14  0:59  Overlord  
  14  1:22  Zergling x2  
  14  1:23  Zergling x4  
  14  1:24  Queen  
  19  1:34  Metabolic Boost  
  19  1:39  Zergling x2  
  20  1:47  Zergling x2  
  21  1:58  Zergling x2  
  22  2:22  Zergling x4  
  24  2:36  Zergling x8  
  28  2:48  Zergling x2  
Show
View Real Time Build Order
Export as new Build Order

IKSIN Zerg 

Build Orders: Hatch First 

Get SALT Encoding   

  12  0:01  Drone  
  13  0:12  Overlord  
  13  0:17  Drone  
  14  0:35  Drone x3  
  17  0:55  Hatchery  
  17  0:56  Drone  
  17  1:15  Spawning Pool  
  17  1:16  Drone  
  17  1:17  Drone  
  18  1:21  Extractor, Drone  
  18  1:29  Drone  
  19  1:40  Overlord  
  19  1:51  Drone  
  20  2:03  Zergling x2  
  20  2:07  Queen x2  
  25  2:09  Drone  
  26  2:16  Baneling Nest  
  26  2:17  Drone  
  26  2:19  Drone  
  26  2:22  Drone  
  28  2:28  Drone  
  29  2:35  Zergling x2  
  29  2:44  Spine Crawler  
  29  2:45  Spine Crawler  
  29  2:47  Spine Crawler  
  29  2:50  Zergling x2  
  29  2:51  Zergling x2  
  28  2:53  Zergling x2  
  28  2:55  Zergling x2  
Tags
 
Add a new tag
Caveats
  • Supply blocks, unpowered buildings, or Contaminate may cause inaccurate times.
  • Supply counts are checked every 10 seconds.